 Dungeon Crawl Stone Soup version 0.18.1-48-g4cf74bf (webtiles) character file.

1388 Gargoyl the Covered (level 8, -5/62 HPs)
             Began as a Demonspawn Abyssal Knight on July 20, 2016.
             Was a High Priest of Lugonu.
             Slain by a hill giant
             ... wielding a +0 giant club
              (22 damage)
             ... on level 6 of the Dungeon.
             The game lasted 00:12:18 (4874 turns).

Gargoyl the Covered (Demonspawn Abyssal Knight)     Turns: 4874, Time: 00:12:18

Health: -5/62      AC: 21    Str: 14    XL:     8   Next: 40%
Magic:  10/10      EV:  4    Int: 14    God:    Lugonu [*****.]
Gold:   305        SH:  0    Dex: 13    Spells: 0 memorised, 7 levels left

rFire  . . .     SeeInvis .     a - +2 hand axe
rCold  . . .     Gourm    .     w - +0 plate armour
rNeg   . . .     Faith    .     (no shield)
rPois  .         Spirit   .     (no helmet)
rElec  .         Dismiss  .     f - +1 cloak
rCorr  .         Reflect  .     (no gloves)
SustAt +         Harm     .     q - +2 pair of boots
MR     .....                    (no amulet)
Stlth  ..........               (no ring)
                                F - ring of sustain attributes

@: not resistant to hostile enchantments, extremely unstealthy
A: hooves 1, molten scales 2, nightstalker 1, spiny 1
a: Depart the Abyss, Bend Space, Banish, Corrupt, Enter the Abyss, Renounce
Religion


You were on level 6 of the Dungeon.
You worshipped Lugonu.
Lugonu was extremely pleased with you.
You were not hungry.

You visited 1 branch of the dungeon, and saw 6 of its levels.
You visited the Abyss 1 time.

You collected 305 gold pieces.

Inventory:

Hand Weapons
 a - a +2 hand axe (weapon)
Missiles
 A - 2 tomahawks (quivered)
Armour
 f - a +1 cloak (worn)
 q - a +2 pair of boots (worn)
 w - a +0 plate armour (worn)
Jewellery
 F - a ring of sustain attributes (left hand)
Wands
 z - a wand of disintegration (11/24)
 E - a wand of polymorph (9/24)
Scrolls
 b - 2 scrolls of recharging
 d - 2 scrolls of identify
 e - 3 scrolls of teleportation
 l - a scroll of fear
 t - 5 scrolls of remove curse
 v - a scroll of enchant armour
 x - 2 scrolls of magic mapping
 y - a scroll of blinking
 C - 2 scrolls of enchant weapon
Potions
 g - 3 potions of curing {unknown}
 i - 3 potions of heal wounds {unknown}
 j - 5 potions of brilliance {unknown}
 k - 4 potions of flight {unknown}
 m - a potion of mutation {unknown}
 n - a potion of berserk rage {unknown}
 p - a potion of cancellation {unknown}
 r - a potion of degeneration {unknown}
 s - 2 potions of haste {unknown}
 u - a potion of invisibility {unknown}
 D - a potion of magic {unknown}
Comestibles
 c - 4 bread rations
 h - 5 meat rations
 o - a slice of pizza
 B - a beef jerky


   Skills:
 + Level 5.0 Fighting
 + Level 4.3 Axes
 * Level 7.1 Armour
 + Level 2.8 Dodging
 + Level 1.3 Stealth
 + Level 2.7 Invocations


You had 7 spell levels left.
You didn't know any spells.

Dungeon Overview and Level Annotations

Branches:
Dungeon (6/15)             Temple (0/1) D:5

Altars:
Fedhas


Innate Abilities, Weirdness & Mutations

You have large cloven feet.
You are mostly covered in molten scales (AC +3, EV -1).
You are slightly more attuned to the shadows.
You are partially covered in sharp spines.


Message History

The hill giant is lightly wounded.
The hill giant is struck by your spines.
The hill giant closely misses you.
You slash the hill giant!
The hill giant is moderately wounded.
The hill giant is struck by your spines.
The hill giant hits you with a giant club!!
You slash the hill giant!
The hill giant is severely wounded.
The hill giant hits you with a giant club!
* * * LOW HITPOINT WARNING * * *
You hit the hill giant but do no damage.
The hill giant is heavily wounded.
The hill giant is struck by your spines.
The hill giant barely misses you.
You hit the hill giant.
The hill giant is severely wounded.
The hill giant is struck by your spines.
The hill giant hits you with a giant club!!
You die...

##...# ##..##
##..## ##..##
#...## ##...###
#.....##
##.....###
#...C@).#
#............
..............
###############


You could see a hill giant.

Vanquished Creatures
  The ghost of Doomgape the Vandal, an amateur HaHu of Nemelex Xobeh (D:4)
  Sigmund (D:4)
  Menkaure (D:5)
  An ogre (D:5)
  A giant frog (D:5)
  2 howler monkeys
  2 crimson imps (D:5)
  A hound (D:5)
  2 orc priests
  A centaur skeleton (D:5)
  3 giant frog skeletons (D:5)
  2 orc wizards
  An iguana (D:4)
  2 worker ants
  A hound skeleton (D:5)
  13 adders
  3 gnolls
  A shadow imp (D:6)
  3 oozes
  2 worms
  4 dart slugs
  2 giant geckos (D:5)
  18 orcs
  3 ball pythons
  11 bats
  3 giant cockroaches
  6 goblins
  3 hobgoblins
  5 jackals (D:5)
  8 quokkas
  A ball python zombie (D:5)
  10 giant newts
  A jackal skeleton (D:5)
  10 kobolds
  A quokka zombie (D:5)
  28 rats
158 creatures vanquished.

Notes
Turn   | Place    | Note
--------------------------------------------------------------
     0 | Abyss:1  | Gargoyl the Demonspawn Abyssal Knight began the quest for the Orb.
     0 | Abyss:1  | Reached XP level 1. HP: 18/18 MP: 2/2
    38 | Abyss:1  | Noticed a small abomination
   107 | Abyss:2  | Noticed an ancient zyme
   126 | D:1      | Escaped the Abyss
   331 | D:1      | Reached skill level 2 in Armour
   432 | D:1      | Gained mutation: You are partially covered in sharp spines. [demonic ancestry]
   432 | D:1      | Reached XP level 2. HP: 24/24 MP: 3/3
   448 | D:1      | Reached * piety under Lugonu
   729 | D:1      | Reached skill level 1 in Dodging
   857 | D:2      | Reached XP level 3. HP: 29/29 MP: 4/4
  1047 | D:2      | Found a faded altar to an unknown god.
  1271 | D:2      | Reached ** piety under Lugonu
  1443 | D:2      | Gained mutation: You are slightly more attuned to the shadows. [demonic ancestry]
  1443 | D:2      | Reached XP level 4. HP: 37/37 MP: 5/5
  1865 | D:3      | Reached skill level 3 in Armour
  1905 | D:3      | Reached *** piety under Lugonu
  1998 | D:3      | Gained mutation: You have large cloven feet. [demonic ancestry]
  1998 | D:3      | Reached XP level 5. HP: 42/42 MP: 6/6
  2390 | D:3      | Reached **** piety under Lugonu
  2689 | D:3      | Reached XP level 6. HP: 48/48 MP: 8/8
  2734 | D:4      | Noticed Sigmund
  2760 | D:4      | Killed Sigmund
  2760 | D:4      | Reached skill level 4 in Armour
  2760 | D:4      | Reached skill level 1 in Stealth
  2987 | D:4      | Noticed Doomgape's ghost (amateur HaHu)
  3009 | D:4      | Killed Doomgape's ghost
  3009 | D:4      | Reached skill level 5 in Armour
  3009 | D:4      | Gained mutation: You are partially covered in molten scales (AC +1). [demonic ancestry]
  3009 | D:4      | Reached XP level 7. HP: 52/55 MP: 9/9
  3196 | D:4      | Found a blossoming altar of Fedhas.
  3418 | D:5      | Entered Level 5 of the Dungeon
  3472 | D:5      | Reached skill level 6 in Armour
  3482 | D:5      | Noticed Menkaure
  3495 | D:5      | Killed Menkaure
  3495 | D:5      | Gained mutation: You are mostly covered in molten scales (AC +3, EV -1). [demonic ancestry]
  3495 | D:5      | Reached XP level 8. HP: 38/61 MP: 10/10
  3672 | D:5      | Found a staircase to the Ecumenical Temple.
  4281 | D:5      | Reached skill level 5 in Fighting
  4422 | D:5      | Reached skill level 7 in Armour
  4440 | D:5      | Reached ***** piety under Lugonu
  4862 | D:6      | Noticed a hill giant
  4874 | D:6      | Slain by a hill giant

Skill      XL: |  1  2  3  4  5  6  7  8 |
---------------+-------------------------+-----
Armour         | 2 3 5 6 7 |  7.1
Axes           | 2 3 4 |  4.3
Dodging        | 1 2 |  2.8
Fighting       | 4 5 |  5.0
Stealth        | 1 |  1.3
Invocations    | |  2.7

Action                   |  1- 3 |  4- 6 |  7- 9 || total
-------------------------+-------+-------+-------++-------
Melee: Hand axe          |    77 |   112 |   103 ||   292
Throw: Tomahawk          |       |       |     2 ||     2
Invok: Depart the Abyss  |     1 |       |       ||     1
  Use: Scroll            |     6 |     2 |     9 ||    17
  Eat: Chunk             |     2 |     5 |     6 ||    13
Armor: Chain mail        |    50 |    27 |       ||    77
       Leather armour    |    15 |       |       ||    15
       Plate armour      |       |    51 |    78 ||   129
Dodge: Dodged            |    28 |    39 |    25 ||    92
